 Dungeon Crawl Stone Soup version 0.19-a0-1170-g18f0c96 (webtiles) character file.

1744 JustSomeDude the Covered (level 8, -6/62 HPs)
             Began as a Demonspawn Fighter on Aug 16, 2016.
             Was a Follower of Okawaru.
             Killed by divine providence
             ... invoked by an orc priest
              (15 damage)
             ... on level 5 of the Dungeon.
             The game lasted 00:08:43 (4397 turns).

JustSomeDude the Covered (Demonspawn Fighter)       Turns: 4397, Time: 00:08:44

Health: -6/62      AC: 10    Str: 23    XL:     8   Next: 77%
Magic:  8/8        EV: 10    Int: 18    God:    Okawaru [*.....]
Gold:   200        SH: 10    Dex: 11    Spells: 0 memorised, 7 levels left

rFire  x . .     SeeInvis .     y - +2 hand axe (freeze)
rCold  + + .     Gourm    .     b - +0 scale mail
rNeg   . . .     Faith    .     c - +0 shield
rPois  .         Spirit   .     (helmet restricted)
rElec  .         Dismiss  .     l - +0 cloak
rCorr  .         Reflect  .     (no gloves)
MR     .....     Harm     .     (no boots)
Stlth  ..........               (no amulet)
                                (no ring)
                                j - ring of Heof {Ice Int+7 Slay+3}

@: mighty
A: horns 1, rough black scales 1, cold resistance 1, spiny 2
a: Heroism, Renounce Religion


You were on level 5 of the Dungeon.
You worshipped Okawaru.
Okawaru was aware of your devotion.
You were not hungry.

You visited 2 branches of the dungeon, and saw 6 of its levels.
You also visited: Sewer.

You collected 200 gold pieces.

Inventory:

Hand Weapons
 a - a +0 trident
 y - a +2 hand axe of freezing (weapon)
Armour
 b - a +0 scale mail (worn)
 c - a +0 shield (worn)
 l - a +0 cloak (worn)
Jewellery
 j - the ring of Heof (left hand) {Ice Int+7 Slay+3}
   (You found it on level 4 of the Dungeon)

   [ring of ice]

   It enhances your ice magic.
   It affects your intelligence (+7).
   It affects your accuracy and damage with ranged weapons and melee attacks
   (+3).
   It makes you vulnerable to fire.
   It protects you from cold.
Wands
 k - a wand of heal wounds (3/9)
 A - a wand of confusion (8/48)
 C - a wand of flame (37/48)
Scrolls
 d - 2 scrolls of enchant armour {unknown}
 e - 3 scrolls of fear {unknown}
 g - a scroll of remove curse {unknown}
 i - 3 scrolls of enchant weapon {unknown}
 m - 5 scrolls of identify
 n - 6 scrolls of teleportation
 p - a scroll of immolation {unknown}
 q - 2 scrolls of blinking {unknown}
 x - a scroll of amnesia {unknown}
Potions
 h - a potion of resistance
 r - 2 potions of curing
 s - a potion of magic {unknown}
 t - 5 potions of might
 u - 2 potions of flight
 w - a potion of haste {unknown}
Books
 z - a book of the Earth

   Spells                             Type                      Level
   a - Leda's Liquefaction            Hexes/Earth                  4
   b - Bolt of Magma                  Conjuration/Fire/Earth       5
   c - Statue Form                    Transmutation/Earth          6
   d - Iron Shot                      Conjuration/Earth            6
   e - Shatter                        Earth                        9
Comestibles
 f - 3 bread rations
 o - 2 fruits
 v - 2 beef jerkies
 B - a meat ration


   Skills:
 + Level 5.1 Fighting
 + Level 0.6(3.2) Axes
 + Level 5.1(5.2) Polearms
 + Level 5.4 Armour
 + Level 4.2 Dodging
 + Level 2.0 Stealth
 + Level 5.1 Shields


You had 7 spell levels left.
You didn't know any spells.

Dungeon Overview and Level Annotations

Branches:
Dungeon (5/15)             Temple (1/1) D:4

Altars:
Ashenzari
Cheibriados
Dithmenos
Fedhas
Gozag
Hepliaklqana
Kikubaaqudgha
Makhleb
Nemelex Xobeh
Okawaru
Pakellas
Qazlal
Ru
Sif Muna
Trog
Xom
Yredelemnul
Zin
The Shining One

Shops:
D:5 %


Innate Abilities, Weirdness & Mutations

You have a pair of small horns on your head.
You are partially covered in rough black scales. (AC +2, Dex -1)
Your flesh is cold resistant. (rC+)
You are mostly covered in sharp spines.


Message History

You slash the orc warrior! You freeze the orc warrior.
Your headbutt misses the orc warrior.
The orc warrior is moderately wounded.
You block the orc warrior's attack.
The orc warrior is struck by your spines.
The orc warrior closely misses you.
Your shield and scale mail prevent you from hitting the orc warrior.
The orc warrior is moderately wounded.
The orc warrior hits you with a trident!
* * * LOW HITPOINT WARNING * * *
You feel better.
The orc warrior hits you but does no damage.
You feel very mighty all of a sudden. The orc warrior barely misses you.
You slash the orc warrior! You freeze the orc warrior.
Your headbutt misses the orc warrior.
The orc warrior is almost dead.
The orc priest mumbles some strange prayers to Beogh against you.
Beogh smites you!
You die...

###################
.........).........
.........>...######
#.........##.# #..
...#####..##.# #.#
...#...#.....###.# #
...#.#...........#.#
.....#..........@o.#
##...)...########).#
.'..<.......... ..#
##.......###..# o##
######.#.# #..# .. #
#.#.# #..# ## #
#.#.###..# #
#.#......# #
#.#.####.# #######


You could see an orc warrior and an orc priest.

Vanquished Creatures
  Grinder (D:3)
  The ghost of ximxim the Skirmisher, an amateur CeFi of the Shining One (D:3)
  Edmund (D:5)
  A phantom (D:4)
  2 ogres (D:5)
  5 big kobolds (Sewer)
  2 crimson imps (D:5)
  A giant frog skeleton (D:4)
  A hound (D:3)
  2 orc priests (D:5)
  4 orc wizards
  Jessica (D:3)
  Natasha (thrice) (D:2)
  Ijyb (D:2)
  Terence (D:2)
  2 worker ants (D:4)
  8 adders
  A river rat (Sewer)
  An ooze (D:4)
  5 worms
  A dart slug (D:2)
  4 giant geckos
  19 orcs
  5 bats
  6 giant cockroaches
  3 goblins
  3 hobgoblins
  4 jackals (D:4)
  7 kobolds
  2 quokkas
  3 ball pythons (Sewer)
  2 giant newts
  13 rats
116 creatures vanquished.

Notes
Turn   | Place    | Note
-------+----------+-------------------------------------------
     0 | D:1      | JustSomeDude the Demonspawn Fighter began the quest for the Orb.
     0 | D:1      | Reached XP level 1. HP: 18/18 MP: 1/1
   253 | D:1      | Gained mutation: Your flesh is cold resistant. (rC+) [demonic ancestry]
   253 | D:1      | Reached XP level 2. HP: 24/24 MP: 2/2
   765 | D:2      | Noticed Ijyb
   778 | D:2      | Killed Ijyb
   778 | D:2      | Gained mutation: You are partially covered in rough black scales. (AC +2, Dex -1) [demonic ancestry]
   778 | D:2      | Reached XP level 3. HP: 29/29 MP: 3/3
   847 | D:2      | Found a blossoming altar of Fedhas.
   932 | D:2      | Noticed Natasha
   933 | D:2      | Noticed Terence
   940 | D:2      | Killed Natasha
   946 | D:2      | Killed Terence
   946 | D:2      | Reached XP level 4. HP: 21/35 MP: 4/4
   974 | D:2      | Found a burning altar of Makhleb.
   974 | D:2      | Found an ancient bone altar of Kikubaaqudgha.
  1072 | D:2      | Reached skill level 1 in Dodging
  1080 | D:2      | Found a sparkling altar of Nemelex Xobeh.
  1105 | D:2      | Noticed Natasha
  1113 | D:2      | Killed Natasha
  1316 | D:2      | Noticed Natasha
  1335 | D:2      | Killed Natasha
  1335 | D:2      | Gained mutation: You are partially covered in sharp spines. [demonic ancestry]
  1335 | D:2      | Reached XP level 5. HP: 30/41 MP: 5/5
  1670 | D:3      | Noticed ximxim's ghost (amateur CeFi)
  1726 | D:3      | Killed ximxim's ghost
  1726 | D:3      | Gained mutation: You have a pair of small horns on your head. [demonic ancestry]
  1726 | D:3      | Reached XP level 6. HP: 16/48 MP: 6/6
  2007 | D:3      | Noticed Jessica
  2010 | D:3      | Killed Jessica
  2062 | D:3      | Noticed Grinder
  2091 | D:3      | Killed Grinder
  2091 | D:3      | Reached skill level 1 in Stealth
  2091 | D:3      | Gained mutation: You are mostly covered in sharp spines. [demonic ancestry]
  2091 | D:3      | Reached XP level 7. HP: 28/54 MP: 7/7
  2725 | D:4      | Got a scorched granite ring
  2726 | D:4      | Identified the ring of Heof {Ice Int+7 Slay+3} (You found it on level 4 of the Dungeon)
  2774 | D:4      | Found a glowing drain.
  2792 | Sewer    | Entered a sewer
  3164 | Sewer    | Reached XP level 8. HP: 58/61 MP: 8/8
  3241 | D:4      | Reached skill level 5 in Shields
  3467 | D:4      | Found an oddly glowing altar of Pakellas.
  3553 | D:4      | Found a staircase to the Ecumenical Temple.
  3578 | Temple   | Entered the Ecumenical Temple
  3858 | Temple   | Became a worshipper of Warmaster Okawaru
  4084 | D:5      | Entered Level 5 of the Dungeon
  4135 | D:5      | Found Kukhla's Food Shoppe.
  4200 | D:5      | Reached skill level 5 in Armour
  4310 | D:5      | Reached skill level 5 in Polearms
  4355 | D:5      | Noticed Edmund
  4373 | D:5      | Killed Edmund
  4373 | D:5      | Reached * piety under Okawaru
  4373 | D:5      | Reached skill level 5 in Fighting
  4394 | D:5      | HP: 3/62 [orc warrior/trident (17)]
  4397 | D:5      | Killed from afar by an orc priest

Vault maps used:
D:1:      dpeg_arrival_snail, nrook_uturn
D:2:      old_standard_altar, grunt_temple_overflow_open,
          nemelex_xobeh_ov_fountains_minmay, serial_curves, eino_curves_03,
          eino_curves_02, uniq_natasha, uniq_iyjb, uniq_terence
D:3:      minivault_23, uniq_jessica, uniq_grinder
D:4:      old_standard_altar, gup_sewer_entry_pipe, first_bread
D:5:      serial_shops, nicolae_shop_behind_doors, uniq_edmund
Temple:   dpeg_chambers_temple
Sewer:    sewer_co_15_rooms

Skill      XL: |  1  2  3  4  5  6  7  8 |
---------------+-------------------------+-----
Armour         | 3 4 5 |  5.4
Polearms       | 2 3 4 5 |  5.1
Shields        | 3 4 5 |  5.1
Dodging        | 1 2 3 4 |  4.2
Fighting       | 4 5 |  5.1
Stealth        | 1 2 |  2.0
Axes           | |  0.6

Action                   |  1- 3 |  4- 6 |  7- 9 || total
-------------------------+-------+-------+-------++-------
Melee: Trident           |    90 |   134 |   177 ||   401
       Headbutt          |       |     3 |    27 ||    30
       Hand axe          |       |       |    65 ||    65
  Use: Potion            |     1 |     3 |     5 ||     9
       Scroll            |       |       |     1 ||     1
 Stab: Invisible         |       |     2 |       ||     2
  Eat: Chunk             |       |     1 |     2 ||     3
       Bread ration      |       |     1 |     1 ||     2
       Fruit             |       |       |     1 ||     1
Armor: Scale mail        |    27 |    40 |    56 ||   123
       Skin              |       |    19 |       ||    19
Dodge: Dodged            |    12 |    25 |    57 ||    94
Block: Shield            |    38 |    58 |    67 ||   163
